 Dungeon Crawl Stone Soup version 0.22-a0-614-g34fbaa0 (webtiles) character file.

14 zhorgal the Skirmisher (level 2, 0/24 HPs)
             Began as a Formicid Abyssal Knight on July 18, 2018.
             Was a Follower of Lugonu.
             Succumbed to an adder's poison
             ... on level 2 of the Dungeon.
             The game lasted 00:01:13 (213 turns).

zhorgal the Skirmisher (Formicid Abyssal Knight)     Turns: 213, Time: 00:01:14

Health: 0/24       AC:  3    Str: 16    XL:     2   Next: 60%
Magic:  3/3        EV: 11    Int: 11    God:    Lugonu [*.....]
Gold:   10         SH:  0    Dex: 10    Spells: 1/1 levels left

rFire    . . .     SeeInvis +   a - +1 hand axe
rCold    . . .     Gourm    .   (no shield)
rNeg     . . .     Faith    .   b - +0 leather armour
rPois    .         Spirit   .   (helmet unavailable)
rElec    .         Reflect  .   (no cloak)
rCorr    .         Harm     .   (no gloves)
MR       .....                  (no boots)
Stlth    +.........             (no amulet)
HPRegen  0.08/turn              (no ring)
MPRegen  0.08/turn              (no ring)

@: lethally poisoned (0 -> -17)
A: permanent stasis, dig shafts and tunnels, four strong arms, antennae 3
a: Dig, Shaft Self, Depart the Abyss, Renounce Religion


You were on level 2 of the Dungeon.
You worshipped Lugonu.
Lugonu was aware of your devotion.
You were not hungry.

You visited 1 branch of the dungeon, and saw 2 of its levels.
You visited the Abyss 1 time.

You collected 10 gold pieces.

Inventory:

Hand Weapons
 a - a +1 hand axe (weapon)
Missiles
 e - 16 stones (quivered)
Armour
 b - a +0 leather armour (worn)
Comestibles
 c - a ration
 d - 3 chunks of flesh


   Skills:
 - Level 3.2 Fighting
 + Level 3.0 Axes
 - Level 2.1 Armour
 - Level 0.8 Dodging
 - Level 2.1 Invocations


You had one spell level left.
You didn't know any spells.
Your spell library was empty.

Dungeon Overview and Level Annotations

Branches:
Dungeon (2/15)

Altars:


Innate Abilities, Weirdness & Mutations

You cannot be hasted, slowed, berserked, paralysed or teleported.
You can dig through walls and to a lower floor.
Your four strong arms can wield two-handed weapons with a shield.
You have a pair of large antennae on your head. (SInv)


Message History

You closely miss the adder.
You feel sick. The adder closely misses you.
You take 1 damage, and have 10/18 hp.
You hit the adder.
You feel sick. The adder bites you.
* * * LOW HITPOINT WARNING * * *
You are more poisoned.
The adder poisons you! The adder misses you.
You take 5 damage, and have 5/18 hp.
MASSIVE DAMAGE!!
You hit the adder.
* * * LOW HITPOINT WARNING * * *
You feel sick. The adder bites you.
* * * LOW HITPOINT WARNING * * *
You are more poisoned.
The adder poisons you!
You take 3 damage, and have 2/18 hp.
You hit the adder.
You kill the adder!
Lugonu accepts your kill.
Your Axes skill increases to level 3!
You have reached level 2!
You die...

#. #.# ####.#####.###
#............#
#.......##.#.#
#.......##.#.#
######.)##.#.# ###.
#..##.#.# ....#
##.##.#.#######.....#
#.##.#...@†.........
#..#.########.......
#..... .#...#. ##.#.#
.# #.# .#.# .# ..
..{# .# . #. .# .. ..


There were no monsters in sight!

Vanquished Creatures
  An adder (D:2)
  A dart slug (D:1)
  A hobgoblin (D:1)
  A goblin (D:2)
  A rat (D:2)
5 creatures vanquished.

Notes
Turn   | Place    | Note
-------+----------+-------------------------------------------
     0 | Abyss:1  | zhorgal the Formicid Abyssal Knight began the quest for the Orb.
     0 | Abyss:1  | Reached XP level 1. HP: 18/18 MP: 2/2
    48 | D:1      | Escaped the Abyss
   213 | D:2      | Reached XP level 2. HP: 2/24 MP: 3/3
   213 | D:2      | Succumbed to an adder's poison

Vault maps used:
D:1:      ebering_trefoil_3fold
D:2:      uniq_crazy_yiuf_cottage

Skill      XL: |  1 |
---------------+----+-----
Axes           | 3 |  3.0
Fighting       | |  3.2
Armour         | |  2.1
Dodging        | |  0.8
Invocations    | |  2.1

Action                   || total
-------------------------++-------
Melee: Hand axe          ||    21
Armor: Leather armour    ||     6
Dodge: Dodged            ||    14

Table legend:
 A = Spawn XP
 B = Non-spawn XP
 C = Spawn XP percentage of total XP
 D = Spawn monster count
 E = Non-spawn monster count
 F = Spawn count percentage of total count
 G = Total turns spent on level
                    A         B        C        D         E        F      G
               +---------+---------+-------+---------+---------+-------+---------
         Total |       0 |      21 |   0.0 |       0 |       5 |   0.0 |   213
               +---------+---------+-------+---------+---------+-------+---------
           D:1 |       0 |       6 |   0.0 |       0 |       2 |   0.0 |   113
           D:2 |       0 |      15 |   0.0 |       0 |       3 |   0.0 |    52
               +---------+---------+-------+---------+---------+-------+---------
